 Dungeon Crawl Stone Soup version 0.31-a0-426-g3a05650e59 (webtiles) character file.

Game seed: 15548202019107343455

506 hashsling the Trooper (level 7, -5/44 HPs)
             Began as a Gargoyle Gladiator on July 30, 2023.
             Was an Initiate of Gozag.
             Slain by Duvessa
             ... wielding a +2 short sword of venom
              (7 damage)
             ... on level 5 of the Dungeon.
             The game lasted 00:07:53 (2791 turns).

hashsling the Trooper (Gargoyle Gladiator)          Turns: 2791, Time: 00:07:54

Health: -5/44      AC: 13    Str: 19    XL:     7   Next: 18%
Magic:  7/7        EV: 10    Int:  9    God:    Gozag
Gold:   386        SH:  0    Dex: 11    Spells: 6/6 levels left

rFire   . . .        b - +8 trident of the Octopus King {venom, rElec rPois}
rCold   + + .        (no shield)
rNeg    + . .        p - +0 scale mail
rPois   ∞            z - +0 helmet
rElec   +            g - scarf {shadows}
rCorr   +            (no gloves)
SInv    +            (no boots)
Will    .....        s - amulet of regeneration
Stlth   x              - ring of resist corrosion
HPRegen 1.07/turn    C - ring of Egaufiaf {rC++ SInv}
MPRegen 0.10/turn

%: no passive effects
@: gold aura
A: sickness immunity, AC +4, negative energy resistance 1, electricity
resistance, torment resistance 1, petrification resistance
a: Renounce Religion, Potion Petition, Call Merchant, Bribe Branch


You were on level 5 of the Dungeon.
You worshipped Gozag.
Gozag was aware of your devotion.
You visited 1 branch of the dungeon, and saw 5 of its levels.

You collected 386 gold pieces.

Inventory:

Hand Weapons
 a - a +0 flail
 b - the +8 trident of the Octopus King (weapon) {venom, rElec rPois}
   (You found it on level 3 of the Dungeon)

   rElec:     It insulates you from electricity.
   rPois:     It protects you from poison.
 c - a +0 morningstar
Missiles
 d - 5 throwing nets
 e - a javelin
 f - 5 atropa-tipped darts (quivered)
 y - 5 poisoned darts
Armour
 g - a scarf of shadows (worn)
 p - a +0 scale mail (worn)
 q - a +0 ring mail
 z - a +0 helmet (worn)
Jewellery
 l - an amulet of guardian spirit
 s - an amulet of regeneration (around neck)
 x - a ring of resist corrosion (left hand)
 C - the ring of Egaufiaf (right hand) {rC++ SInv}
   (You found it on level 4 of the Dungeon)

   [ring of see invisible]

   rC:        It greatly protects you from cold.
   SInv:      It lets you see invisible.
Scrolls
 h - 2 scrolls of amnesia {unknown}
 i - a scroll of enchant weapon {unknown}
 j - 2 scrolls of fog {unknown}
 n - 2 scrolls of immolation {unknown}
 o - a scroll of enchant armour {unknown}
 u - a scroll of noise {unknown}
 v - 2 scrolls of identify {unknown}
 A - a scroll of brand weapon {unknown}
 D - a scroll of silence {unknown}
Potions
 k - 3 potions of resistance {unknown}
 m - a potion of mutation {unknown}
 r - a potion of haste {unknown}
 t - a potion of brilliance {unknown}
 w - a potion of curing {unknown}
 B - a potion of attraction {unknown}


   Skills:
 + Level 5.3 Fighting
 - Level 4.5 Maces & Flails
 - Level 2.0 Throwing
 + Level 4.1 Armour
 - Level 3.0 Dodging


You had 6 spell levels left.
You didn't know any spells.
Your spell library contained the following spells:

 Spells                   Type           Power      Damage    Failure   Level
 Apportation              Tloc           0%         N/A       75%         1
 Necrotise                Necr           0%         1d4       75%         1
 Summon Small Mammal      Summ           0%         N/A       75%         1
 Dazzling Flash           Conj/Hex       0%         N/A       98%         3
 Volatile Blastmotes      Fire/Tloc      0%         2d10      98%         3
 Starburst                Conj/Fire      0%         6d3       100%        6
 Maxwell's Capacitive Co  Air            0%         ∞         100%        8


Dungeon Overview and Level Annotations

Branches:
Dungeon (5/15)
 Temple: D:4-7

Altars:
Gozag
Uskayaw

Annotations:
D:5 Duvessa


Innate Abilities, Weirdness & Mutations

You are immune to sickness and miasma.
Your stone body is resilient. (AC +4)
You are immune to poison.
You resist negative energy. (rN+)
You are resistant to electric shocks. (rElec)
You are resistant to unholy torment.
You are immune to petrification.


Message History

Dowan is almost dead.
You kill Dowan!
Duvessa screams in rage.
Duvessa goes berserk!
Duvessa hits you with a +2 short sword of venom!
Duvessa hits you but does no damage.
Your Armour skill increases to level 4!
Throw: 8 darts (atropa)
Press: ? - help, Q - select action, (/) - cycle Shift-Dir - straight line, f - Duvessa
Aim: Duvessa, wielding a +2 short sword of venom and wearing a +0 leather armour (moderately wounded, berserk, poisoned, 60% to hit, chance to blind on hit: 61%)
You throw an atropa-tipped dart. The atropa-tipped dart hits Duvessa.
Duvessa resists.
Duvessa is moderately wounded.
Duvessa closely misses you.
Throw: 7 darts (atropa)
Press: ? - help, Q - select action, (/) - cycle Shift-Dir - straight line, f/p - Duvessa
Aim: Duvessa, wielding a +2 short sword of venom and wearing a +0 leather armour (moderately wounded, berserk, poisoned, 60% to hit, chance to blind on hit: 61%)
You throw an atropa-tipped dart.
The atropa-tipped dart closely misses Duvessa.
Duvessa hits you but does no damage.
Throw: 6 darts (atropa)
Press: ? - help, Q - select action, (/) - cycle Shift-Dir - straight line, f/p - Duvessa
Aim: Duvessa, wielding a +2 short sword of venom and wearing a +0 leather armour (moderately wounded, berserk, poisoned, 60% to hit, chance to blind on hit: 61%)
You throw an atropa-tipped dart. The atropa-tipped dart hits Duvessa.
Duvessa appears confused.
Duvessa is moderately wounded.
Duvessa seems less confused.
Duvessa hits you with a +2 short sword of venom!
* * * LOW HITPOINT WARNING * * *
Duvessa closely misses you.
Reach: b) +8 trident of the Octopus King {venom, rElec rPois}
Press: ? - help, Dir - move target, f/p - Duvessa
Aim: Duvessa, wielding a +2 short sword of venom and wearing a +0 leather armour (moderately wounded, berserk, blind, poisoned, about 31% to evade the +8 trident of the Octopus King)
You puncture Duvessa!
Duvessa is heavily wounded.
Duvessa hits you with a +2 short sword of venom!
* * * LOW HITPOINT WARNING * * *
Duvessa hits you with a +2 short sword of venom!
You die...
Your body crumbles into a pile of gold.

$ ### $
#.######..
#........##
##.........#
...........# ..
#.........#..#.
#.......@e....(
#.....$.#$#..##
#.........# ..
####.#.#.##
#.<.....#
#...).........
#.###..#.#..#.#
#..#......#
#......!##


You could see Duvessa (berserk, blind, poisoned).

Vanquished Creatures
  A water moccasin (D:5)
  A scorpion (D:4)
  Dowan (D:5)
  A sleepcap (D:4)
  A gnoll bouda (D:4)
  Terence (D:2)
  An orc wizard (D:4)
  Natasha (thrice) (D:3)
  3 gnolls (D:4)
  A worm (D:2)
  2 dart slugs
  4 orcs (D:4)
  7 ball pythons
  7 bats
  6 endoplasms
  9 giant cockroaches
  6 goblins
  6 hobgoblins
  2 jackals (D:2)
  A quokka (D:1)
  2 frilled lizards (D:2)
  9 kobolds
  A rat (D:1)
  A spectral kobold (D:3)
77 creatures vanquished.

Notes
Turn   | Place    | Note
-------+----------+-------------------------------------------
     0 | D:1      | hashsling the Gargoyle Gladiator began the quest for the
                  | Orb.
     0 | D:1      | Reached XP level 1. HP: 12/12 MP: 1/1
    95 | D:1      | Reached XP level 2. HP: 18/18 MP: 2/2
   501 | D:1      | Reached XP level 3. HP: 22/22 MP: 3/3
   867 | D:2      | Reached skill level 3 in Fighting
  1279 | D:2      | Noticed Terence
  1285 | D:2      | Killed Terence
  1286 | D:2      | Reached XP level 4. HP: 28/28 MP: 4/4
  1570 | D:3      | Found a faded altar of an unknown god.
  1583 | D:3      | Prayed at the altar of an unknown god.
  1583 | D:3      | Became a worshipper of Gozag Ym Sagoz the Greedy
  1697 | D:3      | Noticed Natasha
  1701 | D:3      | Killed Natasha
  1702 | D:3      | Reached skill level 1 in Armour
  1702 | D:3      | Reached XP level 5. HP: 32/32 MP: 5/5
  1967 | D:3      | Noticed Natasha
  1979 | D:3      | Killed Natasha
  2062 | D:3      | Noticed Natasha
  2073 | D:3      | Killed Natasha
  2161 | D:3      | Found the +8 trident of the Octopus King {venom, rElec
                  | rPois}
  2308 | D:4      | Noticed a +0 dagger
  2308 | D:4      | Noticed a +0 dagger
  2313 | D:4      | Found a hide-covered altar of Uskayaw.
  2372 | D:4      | Reached skill level 4 in Fighting
  2372 | D:4      | Reached XP level 6. HP: 37/38 MP: 6/6
  2549 | D:4      | Identified the ring of Egaufiaf {rC++ SInv}
  2637 | D:4      | Found Cyma's Distillery.
  2752 | D:5      | Entered Level 5 of the Dungeon
  2752 | D:5      | Noticed a water moccasin
  2762 | D:5      | Killed a water moccasin
  2763 | D:5      | Reached skill level 5 in Fighting
  2763 | D:5      | Reached XP level 7. HP: 30/44 MP: 7/7
  2776 | D:5      | Noticed Duvessa
  2777 | D:5      | Noticed Dowan
  2787 | D:5      | Killed Dowan
  2791 | D:5      | HP: 2/44 [Duvessa/+2 short sword of venom (9)]
  2791 | D:5      | Slain by Duvessa

Illustrated notes

Levels and vault maps discovered:
D:1:      wander_arrival_estate, layout_loops_ring, minmay_misc_feat_chi
D:2:      layout_loops_cross, uniq_terence
D:3:      layout_loops_cross, dreamdust_ecumenical_altar_drowned_temple,
          uniq_natasha
D:4:      layout_basic, dancing_weapons_uskayaw, serial_shops, shop
D:5:      layout_loops_cross, nicolae_overflow_crystal_walls,
          minmay_temple_entry_nine_rooms, uniq_duvessa

Skill      XL: |  1  2  3  4  5  6  7 |
---------------+----------------------+-----
Throwing       | 2 |  2.0
Fighting       | 3 4 5 |  5.3
Maces & Flails | 4 |  4.5
Armour         | 1 2 3 4 |  4.1
Dodging        | 3 |  3.0

Action                     |  1- 3 |  4- 6 |  7- 9 || total
---------------------------+-------+-------+-------++-------
  Melee: Flail             |   100 |    72 |       ||   172
         Punch             |     1 |     2 |     1 ||     4
         Trident           |       |    45 |    10 ||    55
  Throw: Dart              |     1 |     2 |     3 ||     6
   Stab: Sleeping          |     2 |       |       ||     2
         Invisible         |       |     1 |       ||     1
 Armour: Leather armour    |    30 |       |       ||    30
         Ring mail         |     6 |    20 |       ||    26
         Scale mail        |       |    47 |     8 ||    55
  Dodge: Dodged            |    62 |    76 |     8 ||   146

Table legend: (Time is in decaauts)
 A = Elapsed time spent in this place.
 B = Non-inter-level travel time spent in this place.
 C = Inter-level travel time spent in this place.
 D = Time resting spent in this place.
 E = Time spent auto-exploring this place.
 F = Levels seen in this place.
 G = Mean time per level.
                   A        B        C        D        E       F      G
               +--------+--------+--------+--------+--------+-----+--------+
         Total |   2854 |   2743 |    111 |     43 |   2042 |   5 |  570.8 |
       Dungeon |   2854 |   2743 |    111 |     43 |   2042 |   5 |  570.8 |
               +--------+--------+--------+--------+--------+-----+--------+

Top non-repeatable levels by time:
     D:1: 808 daAuts
     D:3: 797 daAuts
     D:2: 699 daAuts
     D:4: 505 daAuts
     D:5: 43 daAuts
